 Dungeon Crawl Stone Soup version 0.27-a0-1200-g94dc6ad4cf (webtiles) character file.

Game seed: 18227510778830407543

252 bilbop the Sneak (level 6, -3/45 HPs)
             Began as a Djinni Venom Mage on May 31, 2021.
             Slain by a phantom (5 damage)
             ... on level 4 of the Dungeon.
             The game lasted 00:25:19 (5623 turns).

bilbop the Sneak (Djinni Venom Mage)                Turns: 5623, Time: 00:25:20

Health: -3/45      AC:  3    Str:  8    XL:     6   Next: 36%
Gold:   126        EV: 11    Int: 17    God:
                   SH:  0    Dex: 14

rFire    + + .     SeeInvis .   a - +1 dagger (pain)
rCold    x . .     Faith    .   (no shield)
rNeg     . . .     Spirit   .   p - +0 leather armour
rPois    ∞         Reflect  .   (no helmet)
rElec    .         Harm     .   (no cloak)
rCorr    .         Rampage  .   (no gloves)
Will     .....                  (boots unavailable)
Stlth    ++........             (no amulet)
HPRegen  0.15/turn              (no ring)
MPRegen  0.00/turn              (no ring)

@: flying
A: sickness immunity, fire resistance 2, cold vulnerability 1, float, innate
caster, hp casting, extra vitality 1
a: no special abilities


You were on level 4 of the Dungeon.
You visited 1 branch of the dungeon, and saw 4 of its levels.

You collected 126 gold pieces.

Inventory:

Hand Weapons
 a - a +1 dagger of pain (weapon)
 b - a +1 short sword of speed
 c - a +0 short sword
 q - a +0 dagger
Missiles
 s - 2 throwing nets
 t - 2 curare-tipped darts
Armour
 j - a +0 robe
 p - a +0 leather armour (worn)
 r - a +0 robe of resistance
Jewellery
 k - an amulet of faith
Wands
 n - a wand of iceblast (12)
Scrolls
 d - a scroll of noise {unknown}
 e - 2 scrolls of fear {unknown}
 f - a scroll of brand weapon {unknown}
 g - a scroll of teleportation {unknown}
 m - a scroll of amnesia {unknown}
 o - 2 scrolls of blinking {unknown}
 v - a scroll of acquirement {unknown}
Potions
 h - a potion of heal wounds {unknown}
 i - a potion of attraction {unknown}
 l - a potion of invisibility {unknown}
 u - a potion of curing {unknown}


   Skills:
 + Level 2.4 Fighting
 + Level 2.0 Short Blades
 - Level 2.1 Dodging
 * Level 3.7 Stealth
 + Level 3.1 Spellcasting


You couldn't memorise any spells.
You knew the following spells:

 Your Spells              Type           Power      Damage    Failure   Level
a - Sting                 Tmut/Pois      52%        1d5       7%          1
b - Poisonous Vapours     Pois/Air       26%        N/A       11%         2
c - Mephitic Cloud        Conj/Pois/Air  13%        N/A       21%         3
d - Ignite Poison         Fire/Tmut/Pois 13%        N/A       21%         3
e - Olgreb's Toxic Radia  Pois           13%        N/A       56%         4
f - Apportation           Tloc           26%        N/A       7%          1
g - Passwall              Tmut/Erth      10%        N/A       11%         2
Your spell library was empty.

Dungeon Overview and Level Annotations

Branches:
Dungeon (4/15)
 Temple: D:4-7

Altars:
Elyvilon
Okawaru
Sif Muna

Shops:
D:3 *(([!

Annotations:
D:4 Grinder, Menkaure


Innate Abilities, Weirdness & Mutations

You are immune to sickness and miasma.
You are immune to poison.
Your flesh is very heat resistant. (rF++)
You are vulnerable to cold. (rC-)
You float through the air rather than walking.
You learn spells naturally, not from books.
Your magical power is your life essence.
You have superior vitality. (+4 HP)


Message History

Confirm with . or Enter, or press ? or * to list all spells.
Aiming: Passwall (safe; 11% risk of failure)
Press: ? - help, Dir - move target You can't see that place.
You miscast Passwall.
Nothing appears to happen.
The phantom closely misses you. The phantom hits you.
* * * LOW HITPOINT WARNING * * *
The phantom blinks!
You blink.
Menkaure, Prince of Dust comes into view.
Casting: Passwall (safe; 11% risk of failure)
Confirm with . or Enter, or press ? or * to list all spells.
Aiming: Passwall (safe; 11% risk of failure)
Press: ? - help, Dir - move target A rock wall.
This rock feels extremely deep.
Menkaure shouts!
* * * LOW HITPOINT WARNING * * *
The phantom barely misses you.
Okay, then.
Grinder gestures at you. Pain shoots through your body!
* * * LOW HITPOINT WARNING * * *
Grinder says, "Are you a fish?"
Grinder blinks!
Found 5 gold pieces.
Menkaure casts a spell.
Menkaure seems to speed up.
Found a chain mail and 18 gold pieces.
Menkaure gestures at you while chanting.
Pain shoots through your body!
* * * LOW HITPOINT WARNING * * *
Menkaure calls on the powers of darkness!
You feel a surge of unholy energy.
Your magical contamination has completely faded away.
Menkaure calls on the powers of darkness!
You feel a surge of unholy energy.
There is a stone staircase leading up here.
The phantom hits you.
You die...

#...)... #....... ### #....###
###.###......$ #.............
#....#.######.#...#.....#.
#....#.................##.
#....#..####.M..........[.
#....#...@W...#...........
#....+....Z...............
########....#.##.##.####.......$.
........#...........# #.........
....##........##.#### ...
....##..#.....##.#
....##..#.....##.#
######..###.#.##.# #..# #......#


You could see a phantom, Menkaure (fast) and a hornet zombie.

Vanquished Creatures
  An iguana (D:4)
  An orc wizard (D:3)
  6 adders
  4 gnolls (D:3)
  2 worms
  3 dart slugs
  7 orcs
  8 bats
  9 endoplasms
  3 giant cockroaches
  5 goblins
  4 hobgoblins
  6 jackals
  4 quokkas
  6 ball pythons
  4 frilled lizards
  8 kobolds
  6 rats
87 creatures vanquished.

Notes
Turn   | Place    | Note
-------+----------+-------------------------------------------
     0 | D:1      | bilbop the Djinni Venom Mage began the quest for the Orb.
     0 | D:1      | Reached XP level 1. HP: 15/15 MP: 0/0
   310 | D:1      | Reached XP level 2. HP: 19/22 MP: 0/0
   698 | D:1      | Reached XP level 3. HP: 4/26 MP: 0/0
   698 | D:1      | Learned a level 1 spell: Apportation
  1034 | D:1      | Reached skill level 1 in Fighting
  1579 | D:2      | Reached skill level 1 in Short Blades
  1613 | D:2      | Reached XP level 4. HP: 19/32 MP: 0/0
  2441 | D:2      | Found a faded altar of an unknown god.
  2644 | D:2      | Found a white marble altar of Elyvilon.
  3274 | D:3      | Found an iron altar of Okawaru.
  3424 | D:3      | Found Poarr's Antique Weapon Shop.
  3595 | D:3      | Found Jymin's Antique Weapon Shop.
  3616 | D:3      | Reached XP level 5. HP: 25/38 MP: 0/0
  3616 | D:3      | Learned a level 2 spell: Passwall
  4144 | D:3      | Found Cuhuz's Assorted Antiques.
  4663 | D:3      | Reached XP level 6. HP: 32/43 MP: 0/0
  4895 | D:3      | Found Ibraichi's Antique Armour Shoppe.
  4939 | D:3      | Found Xisuda's Distillery.
  5597 | D:4      | Noticed Grinder
  5606 | D:4      | Noticed Menkaure
  5612 | D:4      | HP: 1/45 [Menkaure/nerve-wracking pain (9)]
  5623 | D:4      | Slain by a phantom

Illustrated notes

Levels and vault maps discovered:
D:1:      minmay_arrival_three_doors, layout_rooms
D:2:      layout_basic, basic_altar,
          hellmonk_ecumenical_altar_pennies_from_heaven
D:3:      minmay_recursive_quarters, layout_basic,
          nicolae_overflow_crystal_walls, serial_shops, nicolae_shop_trees,
          nicolae_shop_trees, nicolae_shop_stone, shop, shop, serial_bayou,
          serial_bayou_pond_d, serial_bayou_pond_e, serial_bayou_lagoon_a
D:4:      layout_basic, kennysheep_mini_moat, uniq_menkaure, uniq_grinder

Skill      XL: |  1  2  3  4  5  6 |
---------------+-------------------+-----
Stealth        | 2 3 |  3.7
Fighting       | 1 2 |  2.4
Short Blades   | 1 2 |  2.0
Spellcasting   | 3 |  3.1
Dodging        | |  2.1

Action                   |  1- 3 |  4- 6 || total
-------------------------+-------+-------++-------
Melee: Short sword       |    45 |     4 ||    49
       Dagger            |       |    95 ||    95
 Cast: Sting             |    42 |    39 ||    81
       Poisonous Vapours |       |    15 ||    15
       Mephitic Cloud    |       |     2 ||     2
       Ignite Poison     |       |     2 ||     2
       Passwall          |       |     1 ||     1
 Stab: Sleeping          |     2 |     5 ||     7
Armor: Robe              |    16 |     3 ||    19
       Leather armour    |       |    17 ||    17
Dodge: Dodged            |    38 |    47 ||    85

Table legend: (Time is in decaauts)
 A = Elapsed time spent in this place.
 B = Non-inter-level travel time spent in this place.
 C = Inter-level travel time spent in this place.
 D = Time resting spent in this place.
 E = Time spent auto-exploring this place.
 F = Levels seen in this place.
 G = Mean time per level.
                   A        B        C        D        E       F      G
               +--------+--------+--------+--------+--------+-----+--------+
         Total |   5600 |   5438 |    162 |   1659 |   3128 |   4 | 1400.0 |
       Dungeon |   5600 |   5438 |    162 |   1659 |   3128 |   4 | 1400.0 |
               +--------+--------+--------+--------+--------+-----+--------+

Top non-repeatable levels by time:
     D:3: 1973 daAuts
     D:2: 1958 daAuts
     D:1: 1292 daAuts
     D:4: 375 daAuts
